 Dungeon Crawl Stone Soup version 0.22-a0-567-gff9aefc (webtiles) character file.

42 jamsan the Slasher (level 3, 0/29 HPs)
             Began as a Human Monk on June 29, 2018.
             Slain by a crimson imp (3 damage)
             ... summoned by Natasha
             ... on level 2 of the Dungeon.
             The game lasted 00:06:11 (1421 turns).

jamsan the Slasher (Human Monk)                     Turns: 1421, Time: 00:06:11

Health: 0/29       AC:  6    Str: 12    XL:     3   Next: 80%
Magic:  3/3        EV: 10    Int: 10    God:
Gold:   91         SH:  0    Dex: 15    Spells: 2/2 levels left

rFire    . . .     SeeInvis .   a - +0 falchion
rCold    . . .     Gourm    .   (no shield)
rNeg     . . .     Faith    .   m - +0 scale mail
rPois    .         Spirit   .   (no helmet)
rElec    .         Reflect  .   (no cloak)
rCorr    .         Harm     .   (no gloves)
MR       .....                  (no boots)
Stlth    +.........             (no amulet)
HPRegen  0.09/turn              (no ring)
MPRegen  0.08/turn              (no ring)

@: no status effects
A: no striking features
a: no special abilities


You were on level 2 of the Dungeon.
You were hungry.

You visited 1 branch of the dungeon, and saw 2 of its levels.

You collected 91 gold pieces.

Inventory:

Hand Weapons
 a - a +0 falchion (weapon)
Missiles
 l - 22 stones (quivered)
Armour
 b - a +0 robe
 m - a +0 scale mail (worn)
Scrolls
 d - a scroll of enchant armour {unknown}
 g - a scroll of fear {unknown}
 n - a scroll of identify {unknown}
Potions
 e - a potion of resistance {unknown}
 h - a potion of agility {unknown}
 j - a potion of mutation {unknown}
 k - a potion of heal wounds {unknown}
Comestibles
 c - 2 rations


   Skills:
 - Level 3.2 Fighting
 * Level 4.1 Long Blades
 - Level 0.7 Armour
 - Level 3.0 Dodging
 - Level 2.0 Stealth


You had 2 spell levels left.
You didn't know any spells.
Your spell library was empty.

Dungeon Overview and Level Annotations

Branches:
Dungeon (2/15)

Altars:

Annotations:
D:2 Natasha


Message History

You hit Natasha but do no damage.
Natasha is severely wounded.
Natasha hisses.
Natasha claws you. The dart slug bites you.
The crimson imp blinks!
You hit Natasha.
Natasha is almost dead.
Natasha claws you.
* * * LOW HITPOINT WARNING * * *
The crimson imp hits you but does no damage.
The dart slug bites you but does no damage.
As you read the scroll labeled COAMAO CURECS, it crumbles to dust.
You feel aware of your surroundings.
You sensed 1 altar.
It was a scroll of magic mapping.
Natasha casts a spell at you. You resist with significant effort.
The crimson imp completely misses you. The dart slug launches a dart at you.
The slug dart hits you!
* * * LOW HITPOINT WARNING * * *
The crimson imp hits you.
You die...

,,,,,,,,,*
#.#*,,,,,,,,,,* *
*,,,,,,,,*
#.#********,*** *
******,**** #.# *,* * *
*,,,,* #.# *,* * **
****,* #.#****# *,* *
,** *>* #.#*,..# *,* *
,,* #.#######.##...# *,*
*
,,******#......h5......#
*,* *
,,*,,,,*.......w@.#....#
*,* *
,*****,*##.#.#....#....#
*,* * **
*,***,#,#.##.#,...# *,*
* * *,,,,,,...,#.#,...#
*,* *
*****,#.(>,..#,,..# *,*
* *,#...,...,*.## *,* *
*,####**##**,* *,*****
*,,,,,,,,,,,,* *,,,,,,
************,* *******


You could see Natasha, a crimson imp and a dart slug.

Vanquished Creatures
  4 worms (D:2)
  3 leopard geckos (D:1)
  4 bats (D:1)
  A giant cockroach (D:2)
  4 goblins
  4 hobgoblins
  3 kobolds (D:1)
  5 rats
28 creatures vanquished.

Notes
Turn   | Place    | Note
-------+----------+-------------------------------------------
     0 | D:1      | jamsan the Human Monk began the quest for the Orb.
     0 | D:1      | Reached XP level 1. HP: 18/18 MP: 1/1
   257 | D:1      | Reached XP level 2. HP: 24/24 MP: 2/2
   556 | D:1      | Reached XP level 3. HP: 27/29 MP: 3/3
   838 | D:2      | Reached skill level 4 in Long Blades
  1408 | D:2      | Noticed Natasha
  1421 | D:2      | Slain by a crimson imp

Vault maps used:
D:1:      scummos_arrival_simple_crosswalls
D:2:      lemuel_round_altar, minivault_14, uniq_natasha

Skill      XL: |  1  2  3 |
---------------+----------+-----
Long Blades    | 4 |  4.1
Fighting       | |  3.2
Armour         | |  0.7
Dodging        | |  3.0
Stealth        | |  2.0

Action                   || total
-------------------------++-------
Melee: Falchion          ||   105
  Use: Scroll            ||     2
 Stab: Sleeping          ||     2
  Eat: Chunk             ||     1
Armor: Robe              ||     9
       Scale mail        ||    18
Dodge: Dodged            ||    67
       Rpst.: Falchion   ||    21

Table legend:
 A = Spawn XP
 B = Non-spawn XP
 C = Spawn XP percentage of total XP
 D = Spawn monster count
 E = Non-spawn monster count
 F = Spawn count percentage of total count
 G = Total turns spent on level
                    A         B        C        D         E        F      G
               +---------+---------+-------+---------+---------+-------+---------
         Total |       0 |      61 |   0.0 |       0 |      28 |   0.0 |  1421
               +---------+---------+-------+---------+---------+-------+---------
           D:1 |       0 |      33 |   0.0 |       0 |      19 |   0.0 |   811
           D:2 |       0 |      28 |   0.0 |       0 |       9 |   0.0 |   610
               +---------+---------+-------+---------+---------+-------+---------
